 Dungeon Crawl Stone Soup version 0.26-a0-778-g3fe0686644 (webtiles) character file.

Game seed: 10551931538714458991

141 marklar909 the Slasher (level 5, -1/42 HPs)
             Began as a Draconian Warper on Nov 10, 2020.
             Killed from afar by an orc wizard (4 damage)
             ... with a puff of frost
             ... on level 3 of the Dungeon.
             The game lasted 00:03:44 (4454 turns).

marklar909 the Slasher (Draconian Warper)           Turns: 4454, Time: 00:03:44

Health: -1/42      AC:  5    Str: 15    XL:     5   Next: 3%
Magic:  2/8        EV: 12    Int: 13    God:
Gold:   160        SH:  3    Dex: 10    Spells: 3/8 levels left

rFire    . . .     SeeInvis .   a - +0 falchion
rCold    . . .     Faith    .   e - +0 buckler
rNeg     . . .     Spirit   .   (armour unavailable)
rPois    .         Reflect  .   (helmet restricted)
rElec    .         Harm     .   (no cloak)
rCorr    .         Rampage  .   (no gloves)
MR       .....                  (no boots)
Stlth    +.........             (no amulet)
HPRegen  0.14/turn              (no ring)
MPRegen  0.11/turn              (no ring)

@: very slightly contaminated
A: unfitting armour, cold-blooded, AC +5
a: no special abilities


You were on level 3 of the Dungeon.
You visited 1 branch of the dungeon, and saw 4 of its levels.

You collected 160 gold pieces.

Inventory:

Hand Weapons
 a - a +0 falchion (weapon)
Missiles
 d - 2 boomerangs of dispersal (quivered)
Armour
 e - a +0 buckler (worn)
Scrolls
 c - a scroll of blinking
 f - a scroll of identify {unknown}
 i - a scroll of immolation {unknown}
 k - a scroll of teleportation {unknown}
Potions
 b - 2 potions of lignification {unknown}
 g - a potion of ambrosia {unknown}
 h - a potion of invisibility {unknown}
 j - a potion of curing {unknown}


   Skills:
 + Level 2.7 Fighting
 + Level 3.6 Long Blades
 + Level 1.0 Throwing
 + Level 2.8 Dodging
 + Level 0.1 Stealth
 + Level 0.2 Shields
 + Level 2.4 Spellcasting
 * Level 3.5 Translocations


You had 3 spell levels left.
You knew the following spells:

 Your Spells              Type           Power        Failure   Level
a - Blink                 Tloc           N/A          14%         2
b - Lesser Beckoning      Tloc           ##........   28%         3

Your spell library contained the following spells:

 Spells                   Type           Power        Failure   Level
 Gell's Gravitas          Tloc           ##........   28%         3
 Teleport Other           Tloc           ##......     28%         3
 Summon Small Mammal      Summ           #...         36%         1
 Call Imp                 Summ           #.......     52%         2
 Call Canine Familiar     Summ           #.......     75%         3
 Summon Guardian Golem    Hex/Summ       #.......     75%         3
 Passage of Golubria      Tloc           N/A          67%         4
 Summon Ice Beast         Ice/Summ       #.......     98%         4
 Summon Lightning Spire   Summ/Air       #.......     98%         4


Dungeon Overview and Level Annotations

Branches:
Dungeon (4/15)
 Temple: D:4-7

Altars:
Nemelex Xobeh

Annotations:
D:2 1 runed translucent door, Crazy Yiuf


Innate Abilities, Weirdness & Mutations

Your plain brown scales are hard. (AC +5)
You cannot fit into any form of body armour.
You are cold-blooded and may be slowed by cold attacks.


Message History

Casting: Lesser Beckoning (quite dangerous; 28% risk of failure)
Confirm with . or Enter, or press ? or * to list all spells.
Okay, then.
Casting: Lesser Beckoning (quite dangerous; 28% risk of failure)
Confirm with . or Enter, or press ? or * to list all spells.
You blink.
Casting: Blink (safe; 14% risk of failure)
Confirm with . or Enter, or press ? or * to list all spells.
You miscast Blink.
You are very lightly contaminated with residual magic.
Nothing appears to happen.
The orc wizard gestures at you while chanting.
The magic dart hits you!
* * * LOW HITPOINT WARNING * * *
Casting: Blink (safe; 14% risk of failure)
Confirm with . or Enter, or press ? or * to list all spells.
You blink.
The orc wizard points at you and mumbles some strange words.
The puff of frost hits you.
You die...

.............#.# #.#
##.#######.#.#.# #.# ##.#
###.#.#.# #.# ##.#
#.#.#.#.####### #.#
##.#####.#.#.........# #.#
.............#.#####.# #.#
#...####.#.###[# #.# #.########
....####.#.###.#####.###.....)...
.............)..@..............##
#........#.###...o§.......######
#...##.#.#.###..............#
................§...####.##.#
............##...#### #.##.#
....##.#.#...#...#######....#####
.................................
...##..###.#.#...###..<##########
...........#...........#


You could see an orc wizard (fast).

Vanquished Creatures
  3 adders
  A shadow imp (D:3)
  An ooze (D:2)
  3 dart slugs
  6 orcs
  3 ball pythons
  5 giant cockroaches
  14 goblins
  12 hobgoblins
  6 jackals (D:3)
  7 bats
  5 frilled lizards
  7 kobolds
  11 rats
84 creatures vanquished.

Notes
Turn   | Place    | Note
-------+----------+-------------------------------------------
     0 | D:1      | marklar909 the Draconian Warper began the quest for the
                  | Orb.
     0 | D:1      | Reached XP level 1. HP: 17/17 MP: 3/3
   217 | D:1      | Reached XP level 2. HP: 22/24 MP: 5/5
   318 | D:1      | Learned a level 2 spell: Blink
   512 | D:1      | Reached skill level 1 in Throwing
  1132 | D:1      | Reached XP level 3. HP: 29/30 MP: 6/6
  1720 | D:1      | Learned a level 3 spell: Lesser Beckoning
  2581 | D:2      | Reached XP level 4. HP: 27/37 MP: 7/7
  2820 | D:2      | Found a sparkling altar of Nemelex Xobeh.
  2881 | D:2      | Found a runed translucent door.
  2882 | D:2      | Noticed Crazy Yiuf
  3832 | D:3      | Reached XP level 5. HP: 42/42 MP: 8/8
  4454 | D:3      | Killed from afar by an orc wizard

Illustrated notes

Levels and vault maps discovered:
D:1:      dpeg_arrival_long_road, layout_basic, patterned_corridor
D:2:      layout_loops_cross, minmay_misc_feat_secret_circle,
          nemelex_dance_club_becter, uniq_crazy_yiuf_cottage
D:3:      layout_basic, kennysheep_big_empty_room, grunt_decor_one_mirror
D:4:      layout_basic, minmay_misc_feat_chi, uniq_natasha

Skill      XL: |  1  2  3 |
---------------+----------+-----
Throwing       | 1 |  1.0
Long Blades    | 3 |  3.6
Fighting       | |  2.7
Dodging        | |  2.8
Stealth        | |  0.1
Shields        | |  0.2
Spellcasting   | |  2.4
Translocations | |  3.5

Action                   |  1- 3 |  4- 6 || total
-------------------------+-------+-------++-------
Melee: Falchion          |   152 |   101 ||   253
       Tailslap          |    16 |    11 ||    27
Throw: Boomerang         |       |     3 ||     3
 Cast: Blink             |       |     2 ||     2
 Stab: Sleeping          |     1 |       ||     1
Armor: Skin              |    45 |    28 ||    73
Dodge: Dodged            |   113 |    70 ||   183
Block: Buckler           |     5 |    13 ||    18
       Rpst.: Falchion   |    38 |    23 ||    61

Table legend: (Time is in decaauts)
 A = Elapsed time spent in this place.
 B = Non-inter-level travel time spent in this place.
 C = Inter-level travel time spent in this place.
 D = Time resting spent in this place.
 E = Time spent auto-exploring this place.
 F = Levels seen in this place.
 G = Mean time per level.
                   A        B        C        D        E       F      G
               +--------+--------+--------+--------+--------+-----+--------+
         Total |   4500 |   4374 |    126 |    747 |   3076 |   4 | 1125.0 |
       Dungeon |   4500 |   4374 |    126 |    747 |   3076 |   4 | 1125.0 |
               +--------+--------+--------+--------+--------+-----+--------+

Top non-repeatable levels by time:
     D:1: 1627 daAuts
     D:2: 1488 daAuts
     D:3: 1375 daAuts
     D:4: 9 daAuts
